 Dungeon Crawl Stone Soup version 0.32-a0-672-gff75c0d (webtiles) character file.

Game seed: 7468071384907472620

110 Dorkslayer the Ducker (level 4, 0/31 HPs)
             Began as an Octopode Fighter on Mar 10, 2024.
             Slain by an orc
             ... wielding a +0 flail
              (2 damage)
             ... on level 3 of the Dungeon.
             The game lasted 00:03:49 (1501 turns).

Dorkslayer the Ducker (Octopode Fighter)            Turns: 1501, Time: 00:03:49

Health: 0/31       AC:  1    Str: 17    XL:     4   Next: 91%
Magic:  4/4        EV: 13    Int: 10    God:
Gold:   96         SH:  4    Dex:  9    Spells: 3/3 levels left

rFire   + .          .
                       - Unarmed
rCold   + . .        a - +0 buckler
rNeg    . . .        (helmet restricted)
rPois   .            (no amulet)
rElec   .            (no ring)
rCorr   .            (no ring)
SInv    .            (no ring)
Will    .....        (no ring)
Stlth   +++          (no ring)
HPRegen 0.25/turn    (no ring)
MPRegen 0.09/turn    (no ring)
                     (no ring)

%: no passive effects
@: mighty
A: almost no armour, amphibious, 8 rings, camouflage 1, gelatinous body 1,
(nimble swimmer 1), tentacles, clumsy 1, cold resistance 1, fire resistance 1
a: no special abilities


You were on level 3 of the Dungeon.
You visited 1 branch of the dungeon, and saw 3 of its levels.

You collected 96 gold pieces.

Inventory:

Missiles
 m - 3 boomerangs (quivered)
Armour
 a - a +0 buckler (worn)
Jewellery
 o - a ring of wizardry
Scrolls
 c - a scroll of immolation {unknown}
 g - a scroll of vulnerability {unknown}
 h - a scroll of enchant weapon {unknown}
 i - 5 scrolls of identify {unknown}
 k - 2 scrolls of blinking {unknown}
 l - 2 scrolls of fog {unknown}
 p - a scroll of brand weapon {unknown}
 q - a scroll of poison {unknown}
Potions
 b - a potion of might
 d - a potion of mutation
 e - a potion of brilliance {unknown}
 f - a potion of resistance {unknown}
 j - 2 potions of curing {unknown}
 n - a potion of haste {unknown}


   Skills:
 + Level 3.4 Fighting
 + Level 3.5 Dodging
 + Level 1.7 Stealth
 + Level 3.4 Shields
 * Level 3.4 Unarmed Combat


You had 3 spell levels left.
You didn't know any spells.
Your spell library was empty.

Dungeon Overview and Level Annotations

Branches:
Dungeon (3/15)

Altars:
Qazlal


Innate Abilities, Weirdness & Mutations

You cannot wear most types of armour.
You are amphibious.
You can wear up to eight rings at the same time.
Your skin changes colour to match your surroundings (Stealth+).
Your rubbery body absorbs attacks. (AC +1, EV +1)
((You are camouflaged when in or above water. (Stealth+)))
You have tentacles for arms and can constrict up to eight enemies at once.
You are clumsy. (Dex -2)
Your flesh is cold resistant. (rC+)
Your flesh is heat resistant. (rF+)


Message History

You tentacle-slap the orc. You grab the orc. You squeeze the orc.
You kill the orc!
An orc comes into view. It is wielding a +0 mace.
Things that are here:
a +0 flail; a +0 chain mail An orc wizard comes into view.
It is wielding a +0 dagger.
The orc shouts! x3; The orc wizard shouts!
Found a scroll labelled WADOGH WOPNI.
The orc misses you. You block the orc wizard's attack.
You block the orc's attack. The orc barely misses you.
The orc wizard casts a spell at you.
You are confused.
The orc hits you but does no damage.
The orc hits you with a +0 hand axe of flaming!
The orc burns you.
You bump into the rock wall.
The orc hits you with a +0 flail.
The orc hits you with a +0 hand axe of flaming.
The orc burns you.
You're too confused to move!
The orc closely misses you. The orc misses you.
Unknown command.
You barely miss the orc.
The orc wizard hits you with a +0 dagger.
The orc barely misses you.
Unknown command.
It was a potion of mutation.
You feel extremely strange.
You feel resistant to heat.
You feel clumsy.
You feel resistant to cold. The orc closely misses you.
The orc wizard closely misses you.
The orc hits you with a +0 hand axe of flaming.
* * * LOW HITPOINT WARNING * * *
You feel very mighty all of a sudden.
You feel less confused.
The orc wizard hits you with a +0 dagger.
* * * LOW HITPOINT WARNING * * *
The orc hits you with a +0 flail!
* * * LOW HITPOINT WARNING * * *
The orc closely misses you. x2
You tentacle-slap the orc. Your grab misses the orc.
The orc is heavily wounded.
The orc wizard points at you and mumbles some strange words.
You resist with some effort. The orc hits you with a +0 flail.
You die...

##..##. ##### #+#
#...##. ...# #
#.###...##.
...###.##.......... #
#.........###.....#
#?.###..###.##....<.....
#.......# # #.###......
...###oo###.##.####.....
#.....o@o...##.........#
#.#####)######.#####.###
###........# #.#
#..........# #.#
_....#####.#### #.#
...#.......########.# ..
##.####..........# .
#.########## #.#


You could see an orc wizard and 3 orcs.

Vanquished Creatures
  A howler monkey (D:2)
  3 adders (D:2)
  A ribbon worm (D:2)
  A dart slug (D:2)
  An orc (D:3)
  4 bats
  3 endoplasms
  3 giant cockroaches
  5 goblins
  3 hobgoblins (D:1)
  4 jackals (D:2)
  2 ball pythons (D:1)
  3 kobolds (D:2)
  2 rats (D:2)
36 creatures vanquished.

Notes
Turn   | Place    | Note
-------+----------+-------------------------------------------
     0 | D:1      | Dorkslayer the Octopode Fighter began the quest for the
                  | Orb.
     0 | D:1      | Reached XP level 1. HP: 16/16 MP: 1/1
    98 | D:1      | Reached XP level 2. HP: 21/21 MP: 2/2
   862 | D:2      | Reached XP level 3. HP: 26/26 MP: 3/3
  1004 | D:2      | Reached skill level 1 in Stealth
  1046 | D:2      | Reached XP level 4. HP: 24/31 MP: 4/4
  1490 | D:3      | Found a stormy altar of Qazlal.
  1499 | D:3      | Gained mutation: Your flesh is heat resistant. (rF+)
                  | [potion of mutation]
  1499 | D:3      | Gained mutation: You are clumsy. (Dex -2) [potion of
                  | mutation]
  1499 | D:3      | Gained mutation: Your flesh is cold resistant. (rC+)
                  | [potion of mutation]
  1501 | D:3      | Slain by an orc

Illustrated notes

Levels and vault maps discovered:
D:1:      giann_bridges, layout_basic, interstate_on_off,
          minmay_misc_feat_ornament, nicolae_twisty_statue_hallways
D:2:      layout_rooms, kennysheep_generic_room_8
D:3:      minmay_door_path, layout_basic, lemuel_doored_altar,
          grunt_qazlal_clouds, minmay_shallow_snake_nest

Skill      XL: |  1  2  3  4 |
---------------+-------------+-----
Stealth        | 1 |  1.7
Unarmed Combat | 3 |  3.4
Fighting       | |  3.4
Dodging        | |  3.5
Shields        | |  3.4

Action                     |  1- 3 |  4- 6 || total
---------------------------+-------+-------++-------
  Melee: Unarmed           |    64 |    18 ||    82
         Constrict         |    19 |     4 ||    23
         Tentacles         |    13 |     4 ||    17
         Punch             |     1 |     1 ||     2
    Use: Potion            |       |     2 ||     2
   Stab: Sleeping          |     4 |     2 ||     6
 Armour: Skin              |    14 |    14 ||    28
  Dodge: Dodged            |    27 |    16 ||    43
  Block: Buckler           |     7 |     6 ||    13

Table legend: (Time is in decaauts)
 A = Elapsed time spent in this place.
 B = Non-inter-level travel time spent in this place.
 C = Inter-level travel time spent in this place.
 D = Time resting spent in this place.
 E = Time spent auto-exploring this place.
 F = Levels seen in this place.
 G = Mean time per level.
                   A        B        C        D        E       F      G
               +--------+--------+--------+--------+--------+-----+--------+
         Total |   1499 |   1499 |      0 |      0 |   1046 |   3 |  499.7 |
       Dungeon |   1499 |   1499 |      0 |      0 |   1046 |   3 |  499.7 |
               +--------+--------+--------+--------+--------+-----+--------+

Top non-repeatable levels by time:
     D:1: 844 daAuts
     D:2: 554 daAuts
     D:3: 100 daAuts
